 Dungeon Crawl Stone Soup version 0.30-a0-777-ga9a30cbeda (webtiles) character file.

Game seed: 11927924280088455509

168 cforsyth the Caller (level 5, 0/28 HPs)
             Began as a Tengu Summoner on Feb 14, 2023.
             Succumbed to a kobold brigand's poison
             ... in a sewer.
             The game lasted 00:07:42 (2459 turns).

cforsyth the Caller (Tengu Summoner)                Turns: 2459, Time: 00:07:43

Health: 0/28       AC:  4    Str:  8    XL:     5   Next: 49%
Magic:  2/11       EV: 29    Int: 17    God:
Gold:   97         SH:  0    Dex: 15    Spells: 5/11 levels left

rFire   . . .      SeeInvis .    (no weapon)
rCold   + . .      Faith    .    (no shield)
rNeg    . . .      Spirit   .    a - +0 robe
rPois   .          Reflect  .    (helmet restricted)
rElec   .          Harm     .    (no cloak)
rCorr   .          Rampage  .    (no gloves)
Will    .....                    (boots unavailable)
Stlth   ++                       e - amulet of the acrobat
HPRegen 0.24/turn                (no ring)
MPRegen 0.12/turn                (no ring)

@: mighty, brilliant, lethally poisoned (0 -> -3), acrobatic, flying quickly and
evasively, invisible, quick
A: beak, talons 3, nimble flight, iridescent scales 1, cold resistance 1
a: no special abilities


You were in a sewer.
You visited 1 branch of the dungeon, and saw 3 of its levels.
You also visited: Sewer.

You collected 97 gold pieces.

Inventory:

Armour
 a - a +0 robe (worn)
 j - an orb of energy
Jewellery
 e - an amulet of the acrobat (around neck)
Scrolls
 c - a scroll of immolation {unknown}
 d - a scroll of noise {unknown}
 f - a scroll of identify {unknown}
 h - a scroll of torment {unknown}
Potions
 b - a potion of magic
 i - a potion of invisibility


   Skills:
 - Level 2.1 Dodging
 - Level 2.0 Stealth
 + Level 3.8 Spellcasting
 + Level 6.5 Summonings


You had 5 spell levels left.
You knew the following spells:

 Your Spells              Type           Power      Damage    Failure   Level
a - Summon Small Mammal   Summ           100%       N/A       1%          1
b - Call Imp              Summ           38%        N/A       1%          2
c - Call Canine Familiar  Summ           38%        N/A       3%          3

Your spell library contained the following spells:

 Spells                   Type           Power      Damage    Failure   Level
 Summon Guardian Golem    Hex/Summ       21%        N/A       12%         3
 Summon Lightning Spire   Summ/Air       21%        N/A       38%         4
 Animate Dead             Necr           4%         N/A       85%         4
 Borgnjor's Vile Clutch   Necr/Erth      2%         N/A       99%         5
 Death Channel            Necr           2%         N/A       100%        6


Dungeon Overview and Level Annotations

Branches:
Dungeon (3/15)              Sewer (1/1)

Altars:

Annotations:
D:3 1 runed translucent door, Crazy Yiuf


Innate Abilities, Weirdness & Mutations

You have a beak for a mouth.
You have claws for feet.
Your magical nature lets you fly swiftly and evasively.
You are partially covered in iridescent scales. (AC +2)
Your flesh is cold resistant. (rC+)


Message History

The kobold brigand hits your hound with a +0 whip!
Your hound dies!
Your hound's corpse disappears in a puff of smoke!
The kobold brigand shouts!
Your quokka closely misses the kobold brigand.
The kobold brigand throws a poisoned dart.
The poisoned dart closely misses your quokka.
The poisoned dart hits you!
You are lethally poisoned!
You swap places.
* * * LOW HITPOINT WARNING * * *
You feel very sick.
Your quokka bites the kobold brigand.
Your crimson imp blinks!
* * * LOW HITPOINT WARNING * * *
You feel sick.
The kobold brigand throws a poisoned dart.
The poisoned dart misses your quokka.
The poisoned dart completely misses you.
Your quokka misses the kobold brigand.
Okay, then.
Unknown command.
Unknown command.
Unknown command.
Okay, then.
* * * LOW HITPOINT WARNING * * *
You feel sick.
The kobold brigand throws a poisoned dart.
The poisoned dart barely misses your quokka.
Your quokka misses the kobold brigand.
Your crimson imp blinks!
* * * LOW HITPOINT WARNING * * *
You feel sick.
Your quokka barely misses the kobold brigand.
The kobold brigand throws a poisoned dart.
The poisoned dart closely misses your quokka.
You see here a +0 club.
Okay, then.
Okay, then.
You die...

#..K.....#
#..r)..~P# ~~
##......~~#~≈~
#.5.....~P#~≈~
##.....~~~~~≈~
#.....~~~#~≈
##...))~P#~≈
#..))..~#
#...@..P#
#....)..#
##...~.~#
#...~~~#
###..~~#
##')## ....#
#..[.# #!.∩?#


You could see a friendly crimson imp (summoned) and a friendly quokka
(summoned).

Vanquished Creatures
  A dart slug (D:2)
  2 goblins (D:2)
  A kobold (Sewer)
  3 bats
  2 frilled lizards
9 creatures vanquished.

Vanquished Creatures (collateral kills)
  A kobold brigand (Sewer)
  Robin (D:2)
  An adder (D:2)
  A worm (D:2)
  A dart slug (D:1)
  2 endoplasms
  5 giant cockroaches
  8 goblins
  5 hobgoblins
  4 jackals (D:1)
  11 kobolds
  3 quokkas
  5 ball pythons
  10 bats
  A frilled lizard (D:2)
  3 rats
62 creatures vanquished.

Vanquished Creatures (others)
  A plant (Sewer)
1 creature vanquished.

Grand Total: 72 creatures vanquished

Notes
Turn   | Place    | Note
-------+----------+-------------------------------------------
     0 | D:1      | cforsyth the Tengu Summoner began the quest for the Orb.
     0 | D:1      | Reached XP level 1. HP: 10/10 MP: 4/4
   105 | D:1      | Found a faded altar of an unknown god.
   152 | D:1      | Reached skill level 5 in Summonings
   256 | D:1      | Reached XP level 2. HP: 13/15 MP: 3/6
   293 | D:1      | Learned a level 2 spell: Call Imp
   530 | D:1      | Reached XP level 3. HP: 19/19 MP: 5/7
   534 | D:1      | Learned a level 3 spell: Call Canine Familiar
  1121 | D:2      | Noticed Robin
  1138 | D:2      | Reached XP level 4. HP: 24/24 MP: 6/9
  1156 | D:2      | Killed Robin
  1402 | D:2      | Reached skill level 6 in Summonings
  2036 | D:3      | Found a runed translucent door.
  2037 | D:3      | Noticed Crazy Yiuf
  2210 | D:3      | Found a glowing drain.
  2220 | Sewer    | Entered a sewer
  2415 | Sewer    | Noticed a kobold brigand
  2415 | Sewer    | Noticed a kobold brigand
  2444 | Sewer    | Killed a kobold brigand
  2445 | Sewer    | Gained mutation: Your magical nature lets you fly swiftly
                  | and evasively. [Tengu growth]
  2445 | Sewer    | Reached XP level 5. HP: 6/28 MP: 1/11
  2447 | Sewer    | Gained mutation: You are partially covered in iridescent
                  | scales. (AC +2) [potion of mutation]
  2447 | Sewer    | Gained mutation: Your flesh is cold resistant. (rC+)
                  | [potion of mutation]
  2458 | Sewer    | HP: 1/28 [poisoned by a kobold brigand]
  2459 | Sewer    | Succumbed to a kobold brigand's poison

Illustrated notes

Levels and vault maps discovered:
D:1:      reono_arrival_mine, layout_rooms,
          hellmonk_ecumenical_altar_heavens_door
D:2:      layout_basic, minmay_misc_feat_cross, grunt_ministairs_4,
          dk_noncrumbling_2, nicolae_wormholes, uniq_robin
D:3:      layout_loops_corners, cheibrodos_sewer_entry_sluice, serial_shops,
          shop, minivault_11, uniq_jessica, uniq_crazy_yiuf_cottage,
          uniq_sigmund
Sewer:    kennysheep_pipe_town

Skill      XL: |  1  2  3  4 |
---------------+-------------+-----
Summonings     | 5 6 |  6.5
Spellcasting   | 3 |  3.8
Dodging        | |  2.1
Stealth        | |  2.0

Action                     |  1- 3 |  4- 6 || total
---------------------------+-------+-------++-------
  Melee: Unarmed           |    18 |    15 ||    33
         Kick              |     3 |     5 ||     8
         Peck              |     2 |     4 ||     6
   Cast: Summon Small Mamm |    32 |    18 ||    50
         Call Imp          |     8 |     9 ||    17
         Call Canine Famil |     5 |    11 ||    16
    Use: Scroll            |     2 |       ||     2
         Potion            |     1 |     4 ||     5
 Armour: Robe              |    21 |     8 ||    29
         Skin              |     5 |       ||     5
  Dodge: Dodged            |    43 |    41 ||    84

Table legend: (Time is in decaauts)
 A = Elapsed time spent in this place.
 B = Non-inter-level travel time spent in this place.
 C = Inter-level travel time spent in this place.
 D = Time resting spent in this place.
 E = Time spent auto-exploring this place.
 F = Levels seen in this place.
 G = Mean time per level.
                   A        B        C        D        E       F      G
               +--------+--------+--------+--------+--------+-----+--------+
         Total |   2465 |   2435 |     30 |     17 |   1771 |   4 |  616.2 |
       Dungeon |   2220 |   2190 |     30 |     17 |   1614 |   3 |  740.0 |
         Sewer |    245 |    245 |      0 |      0 |    157 |   1 |  245.0 |
               +--------+--------+--------+--------+--------+-----+--------+

Top non-repeatable levels by time:
     D:2: 1052 daAuts
     D:1: 791 daAuts
     D:3: 376 daAuts
   Sewer: 245 daAuts
